[Event "Titled Tuesday Blitz February 14 Late 2023"]
[White "Christiansen, Johan-Sebastian"]
[Black "Martinez Reyes, Pedro Ramon"]
[WhiteFideId "1512668"]
[BlackFideId "3901807"]
[WhiteElo "2579"]
[BlackElo "2376"]
[Result "1-0"]
[Round "04"]
[TimeControl "180+2"]
[Date "2023.02.14"]
[WhiteClock "0:00:11"]
[BlackClock "0:00:10"]

1. e4 e6 2. d4 d5 3. Nc3 Nf6 4. Bg5 h6 5. Bxf6 Qxf6 6. a3 c6 7. Nf3 Nd7 8. Bd3 g6 9. Qe2 dxe4 10. Nxe4 Qe7 11. h4 Bg7 12. h5 g5 13. Ng3 g4 14. Ne5 Nxe5 15. dxe5 Qg5 16. Ne4 Qxe5 17. Qxg4 Kf8 18. O-O f5 19. Qf3 Ke7 20. Nd2 Qd5 21. Qxd5 exd5 22. Rae1+ Kd6 23. c3 Bd7 24. Nf3 Rae8 25. Nh4 Rxe1 26. Rxe1 Rf8 27. Ng6 Rf7 28. f4 c5 29. Kf2 c4 30. Be2 b5 31. Bf3 Bc6 32. g3 a5 33. g4 fxg4 34. Bxg4 d4 35. Re6+ Kc5 36. Ne5 Rxf4+ 37. Kg3 Rf6 38. cxd4+ Kd5 39. Rxc6 Rxc6 40. Bf3+ Kxd4 41. Nxc6+ Ke3 42. Nxa5 Bxb2 43. a4 Bc3 44. Nc6 b4 45. Bd5 b3 46. Bxc4 b2 47. Ba2 Be1+ 48. Kg4 Kd2 49. a5 Kc1 50. a6 b1=Q 51. Bxb1 Kxb1 1-0


[Site "https://www.chess.com"]

[Event "Titled Tuesday Blitz February 14 Late 2023"]
[White "Tanenbaum, Zachary"]
[Black "Kanyamarala, Tarun"]
[WhiteFideId "2060850"]
[BlackFideId "45004714"]
[WhiteElo "2261"]
[BlackElo "2342"]
[Result "1-0"]
[Round "04"]
[TimeControl "180+2"]
[Date "2023.02.14"]
[WhiteClock "0:00:04"]
[BlackClock "0:00:03"]

1. e4 c5 2. Nf3 Nc6 3. Nc3 e5 4. Bc4 Be7 5. d3 d6 6. Nd2 Nf6 7. Nf1 Bg4 8. f3 Be6 9. Ne3 a6 10. a4 Nb4 11. O-O d5 12. exd5 Nbxd5 13. Ne4 O-O 14. Ng5 Bc8 15. Re1 Nf4 16. Bd2 h6 17. Ne4 Be6 18. Bxe6 Nxe6 19. Nc4 Nd7 20. Bc3 Nd4 21. a5 Qc7 22. Ng3 Rae8 23. Bd2 Bh4 24. c3 Nc6 25. Re4 Bxg3 26. hxg3 f5 27. Re2 Nf6 28. Qb3 Kh7 29. Rae1 e4 30. Bf4 Qd7 31. dxe4 fxe4 32. fxe4 Nh5 33. Bd6 Rf6 34. e5 Rg6 35. Qc2 Re6 36. Re3 Kg8 37. Qf2 Nd8 38. Rf1 Nf7 39. Bxc5 Ng5 40. Bd4 Kh7 41. Nd6 Qc6 42. Nf5 Re8 43. Qc2 Kg8 44. Nh4 Rge6 45. Qe2 g6 46. Nxg6 Rxg6 47. Qxh5 Ree6 48. Qe2 Re7 49. Qf2 Reg7 50. Qe2 Kh7 51. Qc2 Kg8 52. e6 Re7 53. Qxg6+ 1-0


[Site "https://www.chess.com"]

[Event "Titled Tuesday Blitz February 14 Late 2023"]
[White "Lucassen, Mickey"]
[Black "Erdogdu, Mert"]
[WhiteFideId "12919110"]
[BlackFideId "6301495"]
[WhiteElo "2023"]
[BlackElo "2413"]
[Result "1-0"]
[Round "04"]
[TimeControl "180+2"]
[Date "2023.02.14"]
[WhiteClock "0:00:33"]
[BlackClock "0:00:02"]

1. e4 c5 2. Nf3 d6 3. d4 cxd4 4. Nxd4 Nf6 5. Nc3 a6 6. Be3 e6 7. g4 h6 8. Rg1 Nc6 9. h4 h5 10. g5 Ng4 11. Nxc6 bxc6 12. Bd2 Qb6 13. Qe2 Qxb2 14. Rb1 Qxc2 15. Rb6 Be7 16. Rxg4 hxg4 17. Qe3 Bd8 18. Rb3 Rxh4 19. Bd3 Rh1+ 20. Ke2 g3 21. Qxg3 Qxb3 22. axb3 Rb8 23. g6 Bf6 24. gxf7+ Kxf7 25. Qxd6 Rb7 26. Qxc6 Rb8 27. Qc7+ 1-0


[Site "https://www.chess.com"]

[Event "Titled Tuesday Blitz February 14 Late 2023"]
[White "Barp, Alberto"]
[Black "Chor, Kevin"]
[WhiteFideId "872555"]
[BlackFideId "2090740"]
[WhiteElo "2432"]
[BlackElo "1944"]
[Result "1-0"]
[Round "04"]
[TimeControl "180+2"]
[Date "2023.02.14"]
[WhiteClock "0:00:16"]
[BlackClock "0:00:15"]

1. d4 Nf6 2. c4 g6 3. Nc3 Bg7 4. e4 d6 5. Nge2 O-O 6. Ng3 e5 7. d5 a5 8. Be2 Na6 9. h4 h5 10. Bg5 Qe8 11. Qd2 c6 12. dxc6 bxc6 13. Qxd6 Be6 14. Rd1 Nb4 15. Rd2 Rd8 16. Qxd8 Qxd8 17. Rxd8 Rxd8 18. O-O Nc2 19. f4 exf4 20. Rxf4 Rb8 21. Bxf6 Bxf6 22. Rxf6 Rxb2 23. Rf2 Ne3 24. Bd3 Rb4 25. Nf1 Ng4 26. Rc2 Bxc4 27. Bxc4 Rxc4 28. Nd2 Rc5 29. Nb3 Re5 30. Rd2 a4 31. Nd4 Rc5 32. Nde2 a3 33. g3 Kg7 34. Rd4 Ne3 35. Ra4 Nc2 36. Kf2 Kf6 37. Ra7 Rc4 38. e5+ Ke6 39. Rc7 Nb4 40. Kf3 Nd3 41. Ra7 Nxe5+ 42. Ke3 Rc5 43. Nd4+ Kd6 44. Ne4+ Kd5 45. Nxc5 Kxc5 46. Ra5+ Kd6 47. Ra4 c5 48. Nb5+ Kc6 49. Nxa3 1-0


[Site "https://www.chess.com"]

[Event "Titled Tuesday Blitz February 14 Late 2023"]
[White "Kleiman, Jake"]
[Black "Perske, Thore"]
[WhiteFideId "2020041"]
[BlackFideId "12902195"]
[WhiteElo "2399"]
[BlackElo "2448"]
[Result "1-0"]
[Round "04"]
[TimeControl "180+2"]
[Date "2023.02.14"]
[WhiteClock "0:00:25"]
[BlackClock "0:00:06"]

1. e4 e6 2. d3 d5 3. Qe2 Ne7 4. Nf3 c5 5. g3 Nbc6 6. Bg2 g6 7. O-O Bg7 8. c3 O-O 9. Re1 b6 10. e5 Qc7 11. h4 h6 12. Bf4 a5 13. a4 Ba6 14. Na3 Na7 15. Rad1 b5 16. axb5 Nxb5 17. Nxb5 Bxb5 18. Qd2 Kh7 19. Nh2 a4 20. Ng4 Ng8 21. Nf6+ Bxf6 22. exf6 Qd8 23. Be5 Nxf6 24. c4 Bc6 25. Qf4 Nh5 26. Qc1 f6 27. Bc3 Qd7 28. d4 cxd4 29. Bxd4 Rac8 30. Bc5 Rfe8 31. Qe3 Qf7 32. cxd5 Bxd5 33. Bxd5 exd5 34. Qd4 Ng7 35. Rxe8 Rxe8 36. Qxd5 Qxd5 37. Rxd5 Rb8 38. Rd7 Kg8 39. Bd4 Ne8 40. Ra7 Rb4 41. Bc3 Rc4 42. Re7 Rc8 43. Kg2 Kf8 44. Ra7 Rc4 45. Kf3 h5 46. Ke3 f5 47. Kd3 Re4 48. f3 Re6 49. Rxa4 Ke7 50. Ra7+ Kd6 51. b4 Nc7 52. Bd4 Kc6 53. Ra5 Re1 54. Rc5+ Kd6 55. Be3 Rb1 56. Bf4+ Ke6 57. Rxc7 Rxb4 58. Rc6+ Kf7 59. Be5 Rb3+ 60. Ke2 Rb5 61. f4 Rd5 62. Rf6+ Kg7 63. Rd6+ 1-0


[Site "https://www.chess.com"]

[Event "Titled Tuesday Blitz February 14 Late 2023"]
[White "Stoyanov, Tsvetan"]
[Black "Krallis, Christos"]
[WhiteFideId "2917173"]
[BlackFideId "4298896"]
[WhiteElo "2454"]
[BlackElo "2344"]
[Result "1-0"]
[Round "04"]
[TimeControl "180+2"]
[Date "2023.02.14"]
[WhiteClock "0:00:05"]
[BlackClock "0:00:05"]

1. e4 c5 2. Nf3 Nc6 3. Bb5 g6 4. Bxc6 dxc6 5. d3 Bg7 6. h3 e5 7. Nc3 Ne7 8. O-O O-O 9. Be3 b6 10. a3 a5 11. Qd2 f6 12. Bh6 Be6 13. Bxg7 Kxg7 14. Rab1 Qd6 15. Qe3 g5 16. Ne2 Ng6 17. Rfd1 h5 18. Nh2 Nf4 19. Nf1 h4 20. Nh2 Rad8 21. Rd2 a4 22. Rbd1 b5 23. Kh1 Rf7 24. Nxf4 exf4 25. Qe2 f5 26. Qh5 Qe7 27. Nf3 g4 28. hxg4 fxg4 29. Qe5+ Qf6 30. Qxf6+ Rxf6 31. Ne5 g3 32. f3 h3 33. gxh3 Rh8 34. Kg1 Rxh3 35. d4 Rfh6 36. Kf1 Rh1+ 37. Ke2 R6h2+ 38. Kd3 Rxd1 39. Rxd1 cxd4 40. Kxd4 Rxc2 41. Nd3 Bh3 42. Nxf4 Bg2 43. Rg1 Rxb2 44. Rxg2 Rb3 45. Rxg3+ Kf7 46. Nd3 Rxa3 47. f4 b4 48. Ne5+ Ke6 49. Rxa3 c5+ 50. Kc4 bxa3 51. Kc3 Kd6 52. Nc4+ 1-0


[Site "https://www.chess.com"]

[Event "Titled Tuesday Blitz February 14 Late 2023"]
[White "Darini, Pouria"]
[Black "Brilej, Jaka"]
[WhiteFideId "12502200"]
[BlackFideId "14618818"]
[WhiteElo "2401"]
[BlackElo "2321"]
[Result "1-0"]
[Round "04"]
[TimeControl "180+2"]
[Date "2023.02.14"]
[WhiteClock "0:00:07"]
[BlackClock "0:00:09"]

1. e4 d6 2. d4 Nf6 3. Nc3 g6 4. Be3 c6 5. Qd2 b5 6. f3 Nbd7 7. O-O-O Nb6 8. Qe1 b4 9. Nce2 a5 10. Kb1 Qc7 11. g4 Bg7 12. Ng3 c5 13. Bb5+ Bd7 14. Bxd7+ Nbxd7 15. h4 Nb6 16. h5 Nfd7 17. h6 Bxd4 18. Bxd4 cxd4 19. Rxd4 O-O 20. Nh3 Rfc8 21. Rh2 Ne5 22. Qd1 Nbc4 23. Nf4 Nxb2 24. Kxb2 Qc3+ 25. Kb1 Qxf3 26. Nge2 Nc4 27. Rh3 Qxg4 28. Rg3 Na3+ 29. Rxa3 bxa3 30. Nd5 Qd7 31. Ka1 Rab8 32. e5 Qb7 33. Qc1 dxe5 34. Rd3 Qb2+ 35. Qxb2 axb2+ 36. Kb1 Rb7 37. Nec3 f5 38. a4 e4 39. Rd4 Kf7 40. Nb5 Rd8 41. c4 e6 42. Ndc3 Rxd4 43. Nxd4 Rb4 44. Nc6 Rb3 45. Nb5 e3 46. Nbd4 Rd3 47. Kxb2 e2 48. Ne5+ Kf6 49. Nxd3 e5 50. Nxe2 f4 51. Ndxf4 exf4 52. Nxf4 g5 53. Nd3 Ke6 54. Kc3 Kd6 55. Kd4 1-0


[Site "https://www.chess.com"]

[Event "Titled Tuesday Blitz February 14 Late 2023"]
[White "Ezat, Mohamed"]
[Black "Salimova, Nurgyul"]
[WhiteFideId "10600906"]
[BlackFideId "2915138"]
[WhiteElo "2402"]
[BlackElo "2391"]
[Result "1-0"]
[Round "04"]
[TimeControl "180+2"]
[Date "2023.02.14"]
[WhiteClock "0:00:53"]
[BlackClock "0:00:02"]

1. d4 Nf6 2. c4 e6 3. Nc3 Bb4 4. e3 O-O 5. a3 Bxc3+ 6. bxc3 b6 7. Bd3 Bb7 8. f3 d5 9. cxd5 exd5 10. Ne2 Re8 11. O-O c5 12. Ng3 Nc6 13. Ra2 Qc7 14. Raf2 a5 15. Bb1 Rad8 16. Re1 b5 17. Bb2 Qb6 18. Nf5 Bc8 19. Ng3 Re7 20. Rd2 Rd6 21. e4 cxd4 22. cxd4 h5 23. h3 h4 24. Nh1 dxe4 25. fxe4 Red7 26. e5 Rxd4 27. Rxd4 Nxd4 28. Nf2 Bb7 29. exf6 Qd8 30. Qh5 1-0


[Site "https://www.chess.com"]

[Event "Titled Tuesday Blitz February 14 Late 2023"]
[White "Costachi, Mihnea"]
[Black "Zochowski, Kacper"]
[WhiteFideId "1217518"]
[BlackFideId "1125494"]
[WhiteElo "2476"]
[BlackElo "2262"]
[Result "1-0"]
[Round "04"]
[TimeControl "180+2"]
[Date "2023.02.14"]
[WhiteClock "0:00:05"]
[BlackClock "0:00:11"]

1. Nc3 d6 2. d4 Nd7 3. e4 Ngf6 4. Nf3 e5 5. g4 Nxg4 6. Rg1 Ngf6 7. Be3 h6 8. Qd3 c6 9. O-O-O Qa5 10. Bh3 b5 11. Kb1 b4 12. Ne2 Ba6 13. c4 bxc3 14. Qxc3 Qxc3 15. Nxc3 g5 16. Bf5 Be7 17. h4 g4 18. Bxg4 Nxg4 19. Rxg4 Nf6 20. Rgg1 Nd7 21. h5 Bf6 22. d5 c5 23. Kc2 Ke7 24. Rg3 Nb6 25. b3 c4 26. b4 Nd7 27. a4 Bb7 28. Nd2 Rac8 29. Bxa7 Bg5 30. Be3 Bxe3 31. Rxe3 Nf6 32. Rh1 Rhg8 33. b5 Ra8 34. Nxc4 Rg2 35. Rf3 Nxe4 36. Nxe4 Bxd5 37. Ncxd6 Rxa4 38. Re1 Rg4 39. Rfe3 Ra2+ 40. Kb1 Ra5 41. b6 Bxe4+ 42. Nxe4 Rb5+ 43. Kc2 Rxb6 44. Nc3 Rc6 45. Rxe5+ Kf6 46. R1e3 Rf4 47. Kd3 Kg7 48. f3 Rh4 49. Ne4 Rh1 50. Re2 Rg1 51. Ke3 Rcc1 52. Kf4 Kf8 53. Ra5 Kg7 54. Ra7 Kf8 55. Nd6 1-0


[Site "https://www.chess.com"]

[Event "Titled Tuesday Blitz February 14 Late 2023"]
[White "Golubka, Petro"]
[Black "Karas, Marek"]
[WhiteFideId "14114224"]
[BlackFideId "14928558"]
[WhiteElo "2371"]
[BlackElo "2227"]
[Result "1-0"]
[Round "04"]
[TimeControl "180+2"]
[Date "2023.02.14"]
[WhiteClock "0:01:55"]
[BlackClock "0:01:05"]

1. e4 e6 2. Qh5 d5 3. e5 c5 4. f4 g6 5. Qf3 Nc6 6. Bb5 Bd7 7. Bxc6 Bxc6 8. Qf2 d4 9. Nf3 Ne7 10. d3 h5 11. Nbd2 Bh6 12. Ne4 Bxe4 13. dxe4 Qa5+ 14. Bd2 Qb5 15. b3 Qc6 16. Qe2 a6 17. O-O-O Qb5 18. Qd3 Qxd3 19. cxd3 O-O 20. h3 Rfc8 21. g4 hxg4 22. hxg4 Bg7 23. Rdg1 b5 24. f5 c4 25. f6 cxd3+ 26. Kb1 Nc6 27. fxg7 Kxg7 28. Bg5 Rg8 29. Bf6+ Kf8 30. Rc1 Nb4 31. Nxd4 Ke8 32. a3 1-0


[Site "https://www.chess.com"]

[Event "Titled Tuesday Blitz February 14 Late 2023"]
[White "Prem, Pranav"]
[Black "Gallo Garcia, Kemel Antonio"]
[WhiteFideId "30901057"]
[BlackFideId "3523896"]
[WhiteElo "2061"]
[BlackElo "2350"]
[Result "1-0"]
[Round "04"]
[TimeControl "180+2"]
[Date "2023.02.14"]
[WhiteClock "0:00:12"]
[BlackClock "0:00:01"]

1. d4 Nf6 2. c4 c5 3. d5 e6 4. Nc3 exd5 5. cxd5 d6 6. Nf3 g6 7. Nd2 Bg7 8. e4 O-O 9. Be2 Re8 10. O-O Nbd7 11. a4 Ne5 12. Re1 g5 13. Nf1 h6 14. Ng3 Bg4 15. Bxg4 Nfxg4 16. h3 Nf6 17. Nf5 a6 18. a5 Ng6 19. Bd2 Qd7 20. Qf3 Ne5 21. Nxh6+ Kf8 22. Qf5 Nd3 23. Qxg5 Re5 24. Nf5 Rxf5 25. exf5 Nxe1 26. Rxe1 Re8 27. Rxe8+ Qxe8 28. Bf4 Qe1+ 29. Kh2 Ne8 30. Qg3 Ke7 31. Bg5+ Kd7 32. Be3 Be5 33. Bf4 Bd4 34. Be3 Be5 35. Bf4 Bd4 36. Be3 Bxc3 37. bxc3 Qxc3 38. Qg8 Qe5+ 39. g3 Qe7 40. Bg5 Qe2 41. Qxf7+ Kc8 42. Kg2 Qe4+ 43. Kg1 Kb8 44. Qe7 Qb1+ 45. Kg2 1-0


[Site "https://www.chess.com"]

[Event "Titled Tuesday Blitz February 14 Late 2023"]
[White "Kaplan, Avi Harrison"]
[Black "EREBUNI91"]
[WhiteFideId "30934559"]
[WhiteElo "2146"]
[BlackElo "2724"]
[Result "0-1"]
[Round "04"]
[TimeControl "180+2"]
[Date "2023.02.14"]
[WhiteClock "0:00:01"]
[BlackClock "0:00:54"]

1. e4 c5 2. Nf3 d6 3. Bb5+ Nd7 4. O-O a6 5. Bd3 Ngf6 6. c3 b5 7. Re1 c4 8. Bc2 Bb7 9. a4 Nc5 10. axb5 axb5 11. Rxa8 Qxa8 12. Na3 Bxe4 13. Nxb5 Bxc2 14. Qxc2 Qc6 15. Nfd4 Qd7 16. Qb1 e5 17. Qa2 Be7 18. Qa8+ Qd8 19. Nc7+ Kf8 20. Qc6 exd4 21. cxd4 Nd3 22. Rd1 g6 23. Qxc4 Kg7 24. Qxd3 Qxc7 25. b3 d5 26. Re1 Bd6 27. h3 Re8 28. Rd1 Rc8 29. Bb2 Qc2 30. Qxc2 Rxc2 31. Bc3 Ne4 32. Ba5 Rb2 33. d3 Nxf2 34. Rc1 Nxd3 35. Rc6 Bg3 36. Kf1 Rxb3 37. Ke2 Nf4+ 38. Kd2 Rb2+ 39. Ke3 Rxg2 40. Kf3 Rg1 41. Bc7 Nh5 42. Bxg3 Rxg3+ 43. Kf2 Rxh3 44. Kg2 Rd3 45. Kh2 Rxd4 46. Rc3 Rf4 47. Kh3 d4 48. Rd3 Kf6 49. Ra3 Ke5 50. Kg2 Ke4 51. Ra8 d3 52. Re8+ Kd4 53. Rc8 Ke3 54. Kh2 d2 55. Re8+ Re4 56. Rd8 Rd4 57. Re8+ Kd3 58. Ra8 d1=Q 59. Ra3+ Kc4 60. Ra2 Rd2+ 0-1


[Site "https://www.chess.com"]

[Event "Titled Tuesday Blitz February 14 Late 2023"]
[White "Cardoso Cardoso, Jose Gabriel"]
[Black "Girsh, Daniel"]
[WhiteFideId "4430492"]
[BlackFideId "30949190"]
[WhiteElo "2492"]
[BlackElo "2123"]
[Result "1-0"]
[Round "04"]
[TimeControl "180+2"]
[Date "2023.02.14"]
[WhiteClock "0:00:17"]
[BlackClock "0:00:13"]

1. c4 g6 2. Nc3 Bg7 3. g3 Nf6 4. Bg2 O-O 5. d3 d6 6. e4 c5 7. Nge2 Nc6 8. h3 Nd4 9. Be3 e5 10. O-O Ne8 11. f4 f5 12. Kh2 Be6 13. Qd2 Qd7 14. Nd5 fxe4 15. dxe4 Nc7 16. Rae1 Rae8 17. b3 a6 18. Ng1 Rf7 19. Nf3 exf4 20. gxf4 Bxd5 21. exd5 Nxf3+ 22. Bxf3 Rfe7 23. Bg4 Qd8 24. Bf2 Rxe1 25. Rxe1 Rxe1 26. Qxe1 Qe8 27. Qxe8+ Nxe8 28. Bc8 b5 29. Bxa6 b4 30. Bc8 Kf7 31. Be6+ Ke7 32. Kg2 Nc7 33. Bc8 Kd8 34. Bg4 Ke7 35. Be2 Ne8 36. Bd3 Kf7 37. Kf3 Bc3 38. h4 Nf6 39. f5 Be5 40. fxg6+ hxg6 41. Be3 Nd7 42. Bf1 Bf6 43. Kg3 Be5+ 44. Kg4 Bf6 45. Be2 Kg7 46. Bf4 Ne5+ 47. Kg3 Kf7 48. Bc1 Kg7 49. a4 bxa3 50. Bxa3 Be7 51. Bc1 Kf7 52. Bf4 Bf6 53. Bf1 Ke7 54. Be2 Kf7 55. Kh3 Ke7 56. Bg3 Kf7 57. Kg2 Bg7 58. Kf2 Bf6 59. Ke3 Ke7 60. Kd2 Kf7 61. Kc2 Ke7 62. Kb1 Kf7 63. Ka2 Bd8 64. Ka3 Ba5 65. Ka4 Bb4 66. Kb5 Ke7 67. Bxe5 dxe5 68. Bd3 Kf6 69. d6 Ke6 70. Kc6 Ba5 71. Bxg6 Bd8 72. h5 Bf6 73. Kxc5 Bg7 74. Kc6 e4 75. Bxe4 Be5 76. Bd5+ Kf6 77. c5 1-0


[Site "https://www.chess.com"]

[Event "Titled Tuesday Blitz February 14 Late 2023"]
[White "Bjelobrk, Igor"]
[Black "Riff, Vincent"]
[WhiteFideId "4300726"]
[BlackFideId "617776"]
[WhiteElo "2403"]
[BlackElo "2383"]
[Result "1/2-1/2"]
[Round "04"]
[TimeControl "180+2"]
[Date "2023.02.14"]
[WhiteClock "0:00:18"]
[BlackClock "0:00:19"]

1. Nf3 Nf6 2. d4 d5 3. c4 c6 4. cxd5 cxd5 5. Nc3 g6 6. Bf4 Bg7 7. e3 O-O 8. Be2 a6 9. O-O Nc6 10. Rc1 Ne4 11. Qb3 Nxc3 12. Rxc3 Na5 13. Qb4 Nc6 14. Qa3 Bg4 15. h3 Bxf3 16. Bxf3 e5 17. dxe5 Nxe5 18. Bxe5 Bxe5 19. Rd3 Qf6 20. b3 d4 21. Bxb7 Rab8 22. Qxa6 Qh4 23. exd4 Bxd4 24. g3 Qe7 25. Rxd4 Rxb7 26. Qd3 Ra8 27. a4 Rab8 28. Rb1 Qe5 29. b4 Rxb4 30. Rdxb4 Rxb4 31. Rxb4 Qe1+ 32. Kg2 Qxb4 33. Qb5 Qe4+ 34. Kh2 Qe1 35. Qb6 h5 36. h4 g5 37. hxg5 h4 38. gxh4 Qe5+ 39. Kg2 Qe4+ 40. Kg3 Qe5+ 41. f4 Qe1+ 42. Kg4 Qe2+ 43. Kf5 Qc2+ 44. Ke5 Qxa4 45. Qd8+ Kg7 46. Qf6+ Kg8 47. Qd8+ Kg7 48. Qd4 Qe8+ 49. Kf5+ Kg8 50. Kg4 Qe2+ 51. Kg3 Qe1+ 52. Qf2 Qc3+ 53. Kg4 Qc8+ 54. f5 Qc6 55. Kh5 Qe4 56. Kh6 Qe5 57. g6 Qf6 58. Kh5 fxg6+ 59. Kg4 gxf5+ 60. Qxf5 Qxf5+ 61. Kxf5 Kh8 62. Kg5 Kg8 63. h5 Kh8 64. h6 Kg8 65. Kh5 Kh8 66. Kg6 Kg8 67. h7+ Kh8 68. Kh6 1/2-1/2


[Site "https://www.chess.com"]

[Event "Titled Tuesday Blitz February 14 Late 2023"]
[White "Hajiyev, Kanan"]
[Black "Alex_Sahakyan2006"]
[WhiteFideId "13404148"]
[WhiteElo "2197"]
[BlackElo "2696"]
[Result "0-1"]
[Round "04"]
[TimeControl "180+2"]
[Date "2023.02.14"]
[WhiteClock "0:00:04"]
[BlackClock "0:00:59"]

1. d4 Nf6 2. Nf3 d5 3. c4 e6 4. cxd5 exd5 5. Nc3 h6 6. Qc2 c6 7. Bf4 Bd6 8. Be5 Bg4 9. e3 Qe7 10. Bd3 Bxf3 11. Bxd6 Qxd6 12. gxf3 Nbd7 13. f4 O-O 14. O-O Rfe8 15. Rab1 a5 16. Bf5 Nb6 17. b3 Qe7 18. Rbc1 Nc8 19. Bxc8 Raxc8 20. Qf5 g6 21. Qh3 h5 22. Kg2 Kh7 23. Rg1 Rcd8 24. Kh1 Rg8 25. Rg5 Ne4 26. Nxe4 Qxe4+ 27. Qg2 Qxg2+ 28. Kxg2 Kg7 29. Kf3 Kf6 30. h4 Ra8 31. f5 a4 32. Rc3 axb3 33. Rxb3 b5 34. Rc3 Rgc8 35. fxg6 fxg6 36. a3 Ra4 37. Rg1 Rc4 38. Rb3 Ra8 39. Rgb1 Rc2 40. Rg1 Kg7 41. Rg5 Rf8+ 42. Kg3 Rcxf2 43. e4 dxe4 44. Rc5 R8f3+ 45. Rxf3 Rxf3+ 46. Kg2 Rxa3 47. Rxc6 Rd3 48. Rb6 Rxd4 49. Rxb5 e3 50. Re5 Rxh4 51. Rxe3 Rg4+ 52. Kh3 Kh6 53. Re8 Ra4 54. Re5 Ra3+ 55. Kh4 g5+ 0-1


[Site "https://www.chess.com"]

[Event "Titled Tuesday Blitz February 14 Late 2023"]
[White "Martinez Ramirez, Lennis"]
[Black "Defend, Balint"]
[WhiteFideId "3509079"]
[BlackFideId "17004853"]
[WhiteElo "2426"]
[BlackElo "1673"]
[Result "0-1"]
[Round "04"]
[TimeControl "180+2"]
[Date "2023.02.14"]
[WhiteClock "0:00:06"]
[BlackClock "0:00:33"]

1. d4 Nf6 2. c4 e6 3. Nf3 b6 4. g3 Bb7 5. Bg2 Be7 6. O-O O-O 7. d5 exd5 8. Nh4 c6 9. cxd5 Nxd5 10. Nf5 Nc7 11. e4 d5 12. exd5 Nxd5 13. Qg4 Bf6 14. Bh6 g6 15. Bxf8 Qxf8 16. Nc3 Nxc3 17. bxc3 h5 18. Qf4 gxf5 19. Qxf5 Bg7 20. Rad1 Na6 21. Qxh5 Qc5 22. Qh4 Qxc3 23. Rd7 Nc5 24. Rc7 Qe5 25. Re7 Qf6 26. Qxf6 Bxf6 27. Re2 Ba6 28. Bxc6 Bxe2 29. Bxa8 Bxf1 30. Kxf1 a5 31. h4 Kg7 32. Ke2 Na4 33. Kd3 Nc3 34. a3 b5 35. Bc6 a4 36. Be8 b4 37. axb4 a3 38. Kc2 Bd4 39. f3 Nd5 40. Kb3 Nxb4 41. Kxa3 Nc2+ 42. Kb3 Ne1 43. h5 Nxf3 44. h6+ Kf8 45. Bc6 Ne5 46. Be4 Ng6 47. Kc4 Be3 48. h7 Kg7 49. Bd5 f6 50. Kc3 Kxh7 51. Kd3 Bg5 52. Ke4 Kg7 53. Kf5 Ne7+ 54. Ke4 Nxd5 55. Kxd5 Kg6 56. Ke6 Kh5 57. g4+ Kxg4 58. Kd5 f5 59. Kd4 Kg3 0-1


[Site "https://www.chess.com"]

[Event "Titled Tuesday Blitz February 14 Late 2023"]
[White "Manukyan, Artyom"]
[Black "Korchmar, Vasiliy"]
[WhiteFideId "13305786"]
[BlackFideId "24131750"]
[WhiteElo "2110"]
[BlackElo "2438"]
[Result "1-0"]
[Round "04"]
[TimeControl "180+2"]
[Date "2023.02.14"]
[WhiteClock "0:00:04"]
[BlackClock "0:00:01"]

1. e4 c5 2. Nc3 d6 3. f4 Nc6 4. Nf3 e6 5. Bc4 Nf6 6. d3 Be7 7. O-O O-O 8. Bb3 Na5 9. Qe1 a6 10. Qg3 b5 11. e5 Nh5 12. Qh3 g6 13. exd6 Bxd6 14. Ne4 c4 15. g4 Nxf4 16. Bxf4 Bxf4 17. g5 f5 18. gxf6 cxb3 19. Nfg5 Qd4+ 20. Rf2 h5 21. f7+ Kg7 22. c3 Qe3 23. Nxe6+ Bxe6 24. Qxe6 Rxf7 25. Rf1 bxa2 26. Kg2 Raf8 27. Ng5 Qxe6 28. Nxe6+ Kg8 29. Nxf8 Rxf8 30. Ra1 Nb3 31. Rxa2 Nc1 32. Rxa6 Nxd3 33. Rf1 Nxb2 34. Rxg6+ Kh7 35. Rb6 Nd3 36. Rxb5 Rg8+ 37. Kf3 Bxh2 38. Rxh5+ Kg6 39. Rxh2 Kf5 40. Rh5+ Ke6 41. Ke4 Nb2 42. Rh6+ Kd7 43. Rf7+ Ke8 44. Rc7 Rg4+ 45. Kf3 Rg8 46. Rb6 Rf8+ 47. Kg2 Rg8+ 48. Kh3 Rh8+ 49. Kg4 Rg8+ 50. Kh5 Rh8+ 51. Kg6 Kd8 52. Ra7 Rg8+ 53. Kh7 Kc8 54. Kxg8 1-0


[Site "https://www.chess.com"]

[Event "Titled Tuesday Blitz February 14 Late 2023"]
[White "Sokolovsky, Yahli"]
[Black "Erdogan, Anil Berk"]
[WhiteFideId "2820242"]
[BlackFideId "6348173"]
[WhiteElo "2461"]
[BlackElo "2091"]
[Result "1-0"]
[Round "04"]
[TimeControl "180+2"]
[Date "2023.02.14"]
[WhiteClock "0:00:17"]
[BlackClock "0:00:16"]

1. b3 e5 2. Bb2 Nc6 3. e3 Nf6 4. Nf3 Bd6 5. d4 exd4 6. exd4 O-O 7. Be2 Re8 8. O-O Bf8 9. d5 Ne7 10. c4 Ng6 11. Nc3 d6 12. Qd2 Bf5 13. Rfe1 Ne4 14. Nxe4 Bxe4 15. Ng5 Bf5 16. Nf3 Be7 17. Nd4 Bd7 18. Bd3 Bf6 19. Bxg6 hxg6 20. Rxe8+ Qxe8 21. Re1 Qf8 22. Nf3 Bxb2 23. Qxb2 Re8 24. Qd2 Bf5 25. Nd4 a6 26. Re3 Re5 27. Nf3 Rxe3 28. Qxe3 Bd7 29. Nd4 Qe8 30. Qxe8+ Bxe8 31. f3 Kf8 32. Kf2 Ke7 33. Ke3 c5 34. Ne2 Bd7 35. g4 g5 36. Ng3 f6 37. Ne4 Be8 38. a3 b5 39. Nd2 a5 40. cxb5 Bxb5 41. a4 Ba6 42. Nb1 Bb7 43. Ke4 Bc8 44. Na3 Bd7 45. Nc4 Be8 46. Nxa5 Bg6+ 47. Ke3 Bc2 48. Kd2 Bg6 49. Nc6+ Kd7 50. Kc3 Bf7 51. Kc4 g6 52. a5 Kc7 53. a6 Be8 54. Nd8 Kb6 55. Ne6 Bd7 56. Nf8 Bc8 57. Nxg6 Kxa6 58. Ne7 Bb7 59. Ng8 Kb6 60. Nxf6 Ba6+ 61. Kc3 Be2 62. Ne4 Bxf3 63. Nxg5 Bxd5 64. Nh7 Bg8 65. Nf6 Bf7 66. h4 d5 67. h5 d4+ 68. Kc2 Kc6 69. h6 Bg6+ 70. Kd2 Kd6 71. h7 Bxh7 72. Nxh7 Ke5 73. Kd3 Kf4 74. g5 Kf5 75. Nf6 Kxg5 76. Nd7 Kf5 77. Nxc5 Ke5 78. Ne4 Kd5 79. Nd2 Kc5 80. Nf3 Kb4 81. Nxd4 Ka3 82. Kc4 Kb2 83. b4 Ka2 84. b5 Ka3 85. Kc5 Ka4 86. b6 Ka5 87. Kc6 Ka6 88. b7 Ka7 89. Kc7 Ka6 90. b8=Q Ka5 91. Qb5# 1-0


[Site "https://www.chess.com"]

[Event "Titled Tuesday Blitz February 14 Late 2023"]
[White "Sivakumar, Shaaketh"]
[Black "Boyer, Mahel"]
[WhiteFideId "30940176"]
[BlackFideId "45102422"]
[WhiteElo "2337"]
[BlackElo "2489"]
[Result "0-1"]
[Round "04"]
[TimeControl "180+2"]
[Date "2023.02.14"]
[WhiteClock "0:00:08"]
[BlackClock "0:00:03"]

1. e4 c5 2. Nf3 d6 3. d4 cxd4 4. Qxd4 a6 5. c4 Nc6 6. Qe3 Bg4 7. Nc3 g6 8. Be2 Bh6 9. Qd3 Bxc1 10. Rxc1 Bxf3 11. Qxf3 Nf6 12. Qe3 Nd7 13. O-O Qb6 14. Qd2 Nf6 15. Nd5 Nxd5 16. exd5 Qd4 17. Qg5 Qe5 18. Qd2 Nd4 19. Rfe1 O-O 20. Bf1 Qf6 21. Qc3 Rac8 22. Re4 Nf5 23. Qxf6 exf6 24. Rce1 Rc7 25. h3 Kg7 26. Kh2 Rb8 27. a4 a5 28. b3 Ra8 29. g4 Nh4 30. Re7 Rac8 31. Kg3 g5 32. Bd3 Kf8 33. Rxc7 Rxc7 34. Bxh7 Re7 35. Rxe7 Kxe7 36. f4 Kd7 37. Be4 Kc7 38. fxg5 fxg5 39. Kf2 Kb6 40. Ke3 Kc5 41. Kd3 Kb4 42. Kc2 Kc5 43. Kc3 b6 44. Kb2 Kd4 45. Bh1 Ng6 46. Bg2 Nf4 47. Bf1 Ke3 48. Kc3 Kf2 49. Bd3 Ke3 50. Bf5 Ne2+ 51. Kb2 Kd2 52. b4 axb4 53. Kb3 Ke3 54. Kxb4 Nd4 55. Bd7 Kd3 56. Bb5 Ke3 57. a5 bxa5+ 58. Kxa5 Nb3+ 59. Kb6 Kf4 60. Kc6 Ke5 61. Kd7 Nd4 62. Ke7 f6 63. Ba6 Nb3 64. Kf7 Nc5 65. Bb5 Ne4 66. Kg6 Nf2 67. Ba4 Nxh3 68. Bc2 Nf2 69. Bf5 Nd1 70. Kf7 Ne3 71. Bd3 Nxg4 72. Ke7 Nf2 73. c5 Nxd3 74. c6 Nb4 75. c7 Nxd5+ 76. Kf7 Nxc7 0-1


[Site "https://www.chess.com"]